cohdb
Replays
Latest Replays
All Replays
Popular Replays
Top Player Replays
Match Explorer
How It Works
Community
CoH3 Stats
Reddit
Sign in to upload your games and track your stats! →
Sign in with Steam
Match 42205053
Unlisted
Match 42205053
Overview
Messages
Build Orders
End
Construct Infanterie Kompanie
MG 42 Machine Gun Team
Selects Terror Battlegroup
Selects Machine Gun Camouflage
Grenadier Squad
Construct Panzergrenadier Kompanie
Panzergrenadier Squad
251 Medium Carrier
Selects Contempt for the Weak
Panzergrenadier Officer Quarters
Pak 40 Anti-tank Gun Team
Pak 40 Anti-tank Gun Team
Medical Station
Selects Jericho Trumpet
251 Medium Carrier
Jericho Trumpet
Panzergrenadier Squad
MG 42 Machine Gun Team
251 Medium Carrier
Jericho Trumpet
Construct Panzer Kompanie
Pak 40 Anti-tank Gun Team
Selects V1 Rocket Strike
251 Medium Carrier
Panzer IV Medium Tank
kenleung
The0ddGod
侠客
鱼塘摸鱼猫师傅高分大神快退散
不屈之莱恩
******PowerFkEveryWhitePig
JIANHU
TIAmoRoselia.
0
0
Comments
sign in to comment!
No comments posted yet!